 Dungeon Crawl Stone Soup version 0.29-a0-8-g0446c0dae4 (webtiles) character file.

Game seed: 5045130269356709269

62 lonewolfV2 the Ducker (level 3, 0/36 HPs)
             Began as a Troll Fighter on Jan 27, 2022.
             Slain by a goblin (2 damage)
             ... led by Robin
             ... on level 2 of the Dungeon.
             The game lasted 00:01:49 (647 turns).

lonewolfV2 the Ducker (Troll Fighter)                Turns: 647, Time: 00:01:51

Health: 0/36       AC:  4    Str: 26    XL:     3   Next: 85%
Magic:  2/2        EV:  8    Int:  4    God:
Gold:   43         SH:  8    Dex:  9    Spells: 2/2 levels left

rFire   . . .      SeeInvis .     - Unarmed
rCold   . . .      Faith    .   b - +1 kite shield
rNeg    . . .      Spirit   .   a - +0 robe
rPois   .          Reflect  .   (helmet restricted)
rElec   .          Harm     .   (no cloak)
rCorr   .          Rampage  .   (gloves unavailable)
Will    .....                   (boots unavailable)
Stlth   +.........              (no amulet)
HPRegen 0.92/turn               (no ring)
MPRegen 0.08/turn               (no ring)

@: no status effects
A: large, unfitting armour, claws 3, regeneration 1, shaggy fur 1, tough skin 1
a: no special abilities


You were on level 2 of the Dungeon.
You visited 1 branch of the dungeon, and saw 2 of its levels.

You collected 43 gold pieces.

Inventory:

Armour
 a - a +0 robe (worn)
 b - a +1 kite shield (worn)
Potions
 c - a potion of might
 g - 2 potions of mutation


   Skills:
 + Level 2.9 Fighting
 + Level 3.1 Dodging
 + Level 2.7 Shields
 + Level 2.5 Unarmed Combat


You had 2 spell levels left.
You didn't know any spells.
Your spell library was empty.

Dungeon Overview and Level Annotations

Branches:
Dungeon (2/15)

Altars:

Annotations:
D:2 Robin, Sigmund


Innate Abilities, Weirdness & Mutations

You are too large for most types of armour.
You have claws for hands.
Your natural rate of healing is unusually fast.
You are covered in fur. (AC +1)
You have tough skin. (AC +1)


Message History

You kill the goblin!
The goblin hits you but does no damage. The goblin hits you with a +0 dagger.
The hobgoblin closely misses you.
You scratch the hobgoblin but do no damage.
You block the goblin's attack. The hobgoblin closely misses you.
You block the hobgoblin's attack. The goblin hits you but does no damage.
You barely miss the hobgoblin.
Sigmund the Dreaded comes into view.
He is wielding a +0 scythe.
The goblin barely misses you. The hobgoblin barely misses you.
The goblin hits you with a +0 dagger. The hobgoblin hits you.
Robin of the Strong Arm comes into view.
They are wielding a +0 dagger.
The goblin barely misses you. The goblin closely misses you.
You scratch the hobgoblin but do no damage.
The hobgoblin hits you but does no damage.
The goblin barely misses you. The hobgoblin barely misses you.
Robin roars a battlecry!
The goblins go into a battle-frenzy!
You block the goblin's attack. x2
Sigmund flickers, as though insubstantial.
The goblin hits you with a +0 club.
You scratch the hobgoblin.
The hobgoblin is lightly wounded.
The hobgoblin hits you but does no damage.
The goblin barely misses you. The hobgoblin hits you.
You block the goblin's attack. x2; The goblin hits you with a +0 club.
The hobgoblin barely misses you. The goblin hits you but does no damage.
You scratch the hobgoblin.
The hobgoblin is heavily wounded.
The hobgoblin hits you. The goblin hits you but does no damage.
The goblin hits you with a +0 dagger. The goblin hits you with a +0 club.
* * * LOW HITPOINT WARNING * * *
You block the hobgoblin's attack. You block the goblin's attack.
You scratch the hobgoblin.
The hobgoblin is almost dead.
The hobgoblin hits you.
* * * LOW HITPOINT WARNING * * *
Robin roars a battlecry!
The goblin goes into a battle-frenzy!
The goblin hits you with a +1 antimagic dagger.
You die...

#.###.....#..#######.#
#...........†)........
.............†....##>#
............>.....#..#
....####.###..........
......
#..###......####
.............#
.......g.....###.
.....Kg@g.......
.###..ggg###.#.#
##..g@.. .# #
#.........
#.....####.. .....g..
# ......##. .#.##. <.


You could see Sigmund, Robin, 3 hobgoblins, 4 goblins and a kobold.

Vanquished Creatures
  Terence (D:2)
  An adder (D:2)
  A ball python (D:1)
  An endoplasm (D:1)
  2 giant cockroaches (D:1)
  3 goblins
  A hobgoblin (D:1)
  2 jackals (D:1)
  A kobold (D:1)
  5 quokkas
  2 bats (D:1)
  3 frilled lizards
  3 rats
26 creatures vanquished.

Notes
Turn   | Place    | Note
-------+----------+-------------------------------------------
     0 | D:1      | lonewolfV2 the Troll Fighter began the quest for the Orb.
     0 | D:1      | Reached XP level 1. HP: 22/22 MP: 0/0
    45 | D:1      | Reached XP level 2. HP: 29/29 MP: 1/1
    50 | D:1      | Found a faded altar of an unknown god.
   562 | D:2      | Reached XP level 3. HP: 36/36 MP: 2/2
   610 | D:2      | Noticed Terence
   620 | D:2      | Killed Terence
   621 | D:2      | Reached skill level 3 in Dodging
   643 | D:2      | Noticed Sigmund
   643 | D:2      | Noticed Robin
   647 | D:2      | Slain by a goblin

Illustrated notes

Levels and vault maps discovered:
D:1:      dpeg_arrival_rooms_b, layout_rooms, chequers_ecumenical_altar_island
D:2:      layout_rooms, uniq_terence, uniq_robin, uniq_sigmund

Skill      XL: |  1  2  3 |
---------------+----------+-----
Dodging        | 3 |  3.1
Fighting       | |  2.9
Shields        | |  2.7
Unarmed Combat | |  2.5

Action                   || total
-------------------------++-------
Melee: Unarmed           ||    79
  Use: Scroll            ||     3
Armor: Robe              ||    34
Dodge: Dodged            ||    40
Block: Kite shield       ||    44

Table legend: (Time is in decaauts)
 A = Elapsed time spent in this place.
 B = Non-inter-level travel time spent in this place.
 C = Inter-level travel time spent in this place.
 D = Time resting spent in this place.
 E = Time spent auto-exploring this place.
 F = Levels seen in this place.
 G = Mean time per level.
                   A        B        C        D        E       F      G
               +--------+--------+--------+--------+--------+-----+--------+
         Total |    658 |    636 |     22 |      0 |    391 |   2 |  329.0 |
       Dungeon |    658 |    636 |     22 |      0 |    391 |   2 |  329.0 |
               +--------+--------+--------+--------+--------+-----+--------+

Top non-repeatable levels by time:
     D:1: 523 daAuts
     D:2: 134 daAuts
